 Dungeon Sprint DCSS version 0.29.1-15-g9cfb28693d (webtiles) character file.

Game seed: 4093803028907493412

890 dialectric the Fighter (level 8, -9/59 HPs)
             Began as a Gargoyle Fighter on Mar 1, 2023.
             Mangled by a boulder beetle (19 damage)
             ... in the Dungeon (Sprint II: "The Violet Keep of Menkaure").
             The game lasted 00:02:25 (410 turns).

dialectric the Fighter (Gargoyle Fighter)            Turns: 410, Time: 00:02:26

Health: -9/59      AC: 14    Str: 21    XL:     8   Next: 6%
Magic:  17/17      EV: 12    Int:  8    God:
Gold:   810        SH:  0    Dex: 19    Spells: 7/7 levels left

rFire   . . .      SeeInvis .   a - +0 flail
rCold   . . .      Faith    .   (no shield)
rNeg    + . .      Spirit   .   d - +1 ring mail of Neihil {Will++ MP+9 Dex+8}
rPois   ∞          Reflect  .   (no helmet)
rElec   +          Harm     .   (no cloak)
rCorr   .          Rampage  .   (no gloves)
Will    ++...      NoTele   +   (no boots)
Stlth   +.........              (no amulet)
HPRegen 0.19/turn               (no ring)
MPRegen 0.15/turn               (no ring)

@: on berserk cooldown, slowed, very slow
A: sickness immunity, AC +5, negative energy resistance 1, electricity
resistance, torment resistance 1, petrification resistance
a: no special abilities


You were in the Dungeon.
You visited 1 branch You collected 972 gold pieces.
You spent 162 gold pieces at shops.

Inventory:

Hand Weapons
 a - a +0 flail (weapon)
Armour
 b - a +0 scale mail
 c - a +0 buckler
 d - the +1 ring mail of Neihil (worn) {Will++ MP+9 Dex+8}
   (You bought it in a shop in the Dungeon)

   Dex:       It affects your dexterity (+8).
   MP:        It affects your magic capacity (+9).
   Will:      It greatly increases your willpower.
Scrolls
 j - a scroll of blinking
Potions
 f - a potion of heal wounds
 g - a potion of haste
 h - 2 potions of magic


   Skills:
 + Level 10.8 Fighting
 * Level 10.5 Maces & Flails
 + Level 10.6 Armour
 - Level 3.2 Dodging
 - Level 3.2 Shields


You had 7 spell levels left.
You didn't know any spells.
Your spell library was empty.

Dungeon Overview and Level Annotations

Branches:
Dungeon (1/1)

Altars:

Shops:
D (?:=:![?[=(??[!

Annotations:
D exclusion: oklob plant


Innate Abilities, Weirdness & Mutations

You are immune to sickness and miasma.
Your stone body is resilient. (AC +5)
You are immune to poison.
You resist negative energy. (rN+)
You are resistant to electric shocks. (rElec)
You are resistant to unholy torment.
You are immune to petrification.


Message History

You hit the boulder beetle but do no damage.
The boulder beetle leaps!
There is an open door here.
You hit the boulder beetle but do no damage.
The boulder beetle leaps!
The boulder beetle leaps!
You see here 243 gold pieces.
You feel a strong urge to attack something.
You are no longer berserk.
You are exhausted.
You feel yourself slow down. The boulder beetle closely misses you.
You see here 243 gold pieces.
You hit the boulder beetle but do no damage.
The boulder beetle bites you but does no damage.
You hit the boulder beetle but do no damage.
The boulder beetle closely misses you. The boulder beetle barely misses you.
You hit the boulder beetle.
The boulder beetle is lightly wounded.
The boulder beetle bites you.
You hit the boulder beetle.
The boulder beetle is lightly wounded.
The boulder beetle bites you!
You thump the boulder beetle!
The boulder beetle is moderately wounded.
The boulder beetle bites you but does no damage.
You hit the boulder beetle but do no damage.
The boulder beetle is moderately wounded.
The boulder beetle bites you but does no damage.
The boulder beetle bites you!
You hit the boulder beetle.
The boulder beetle is moderately wounded.
The boulder beetle bites you!!
* * * LOW HITPOINT WARNING * * *
You hit the boulder beetle but do no damage.
You punch the boulder beetle, but do no damage.
The boulder beetle is moderately wounded.
The boulder beetle bites you but does no damage.
You now have 810 gold pieces (gained 243).
The boulder beetle bites you!!
You die...

## ~## #########~~#++
########~~~...
.......#~~~~.##+##
∩.....∩#~~~~##.#.##
.∩...∩.#~~~~#.B#..#
∩.∩.∩.∩#~~####.#@####
.∩.∩...#~##.###B###.#
..∩.∩..#~#...##.##..##
...⌠...'~'##.'.<.'##.+
.......#~#...##.##..##
▓▓▓▓▓###~##.###'###.#
GY######~~####.#.####
:[#h ##~~~#.###.#


P[+! +#~##.# ## You could see a boulder beetle.

Vanquished Creatures
  2 wyverns (D)
  Menkaure (D)
  4 necrophages (D)
  4 scorpions (D)
11 creatures vanquished.

Notes
Turn   | Place    | Note
-------+----------+-------------------------------------------
     0 | D        | dialectric the Gargoyle Fighter began the quest for the
                  | Orb.
     0 | D        | Reached XP level 1. HP: 14/14 MP: 1/1
     8 | D        | Noticed a necrophage
     8 | D        | Noticed a necrophage
     8 | D        | Noticed a necrophage
     8 | D        | Noticed a necrophage
    11 | D        | Killed a necrophage
    12 | D        | Reached skill level 5 in Fighting
    12 | D        | Reached skill level 5 in Armour
    12 | D        | Reached XP level 2. HP: 21/21 MP: 2/2
    12 | D        | Reached XP level 3. HP: 26/26 MP: 3/3
    12 | D        | Reached XP level 4. HP: 31/31 MP: 4/4
    16 | D        | Killed a necrophage
    17 | D        | Reached XP level 5. HP: 34/37 MP: 5/5
    22 | D        | Reached skill level 5 in Maces & Flails
    26 | D        | Reached XP level 6. HP: 39/44 MP: 6/6
    27 | D        | Noticed a boulder beetle
    27 | D        | Noticed a boulder beetle
    44 | D        | Reached XP level 7. HP: 44/51 MP: 7/7
    45 | D        | Noticed a wyvern
    45 | D        | Noticed a wyvern
    54 | D        | Killed a wyvern
    55 | D        | Reached skill level 10 in Fighting
    55 | D        | Reached skill level 10 in Armour
    58 | D        | Killed a wyvern
    59 | D        | Reached skill level 10 in Maces & Flails
    92 | D        | Found Plog's Magic Scroll Shop.
    92 | D        | Found Gujump's Antique Armour Boutique.
    92 | D        | Found Jopsekh's Jewellery Boutique.
    92 | D        | Found Ixiomy's Distillery.
    92 | D        | Found Xamneitsa's Antique Weapon Boutique.
    92 | D        | Found Adiq's Magic Scroll Shop.
    92 | D        | Found Uteas's Magic Scroll Boutique.
    92 | D        | Found Totekit's Armour Boutique.
    93 | D        | Found Roych's Antique Armour Shop.
    93 | D        | Found Niryave's Distillery.
    95 | D        | Found Xintag's Book Boutique.
    95 | D        | Found Susim's Jewellery Shop.
    95 | D        | Noticed Menkaure
    95 | D        | Noticed a death yak
    95 | D        | Noticed an oklob plant
    95 | D        | Noticed a great orb of eyes
    96 | D        | Found Beigagh's Magic Scroll Shop.
    96 | D        | Found Poffuvy's Weapon Boutique.
    96 | D        | Found Ivueqie's Book Shoppe.
   110 | D        | Killed Menkaure
   111 | D        | Reached XP level 8. HP: 25/59 MP: 8/8
   296 | D        | Noticed a hell hog
   297 | D        | Noticed a hell hog
   299 | D        | Bought a scorched ring mail for 162 gold pieces
   299 | D        | Identified the +1 ring mail of Neihil {Will++ MP+9 Dex+8}
                  | (You bought it in a shop in the Dungeon)
   410 | D        | Mangled by a boulder beetle

Illustrated notes

Levels and vault maps discovered:
D:        the_violet_keep_of_menkaure [sprint2_stairs_cluster_1,
          sprint2_shoproom, sprint2_temple, sprint2_basic_supplies,
          sprint2_obstacle_1, sprint2_obstacle_3, sprint2_obstacle_4,
          sprint2_obstacle_7, sprint2_obstacle_5, sprint2_timed_cluster_1,
          sprint2_smallroom_cluster_1, sprint2_smallroom_final_cluster_1,
          sprint2_transparent_cluster_1, sprint2_second_timed_cluster_1,
          sprint2_sniper_area_1, sprint2_heavy_combat_area_1,
          sprint2_mutation_trap_area_1, sprint2_forest_area_1,
          sprint2_light_combat_area_1, sprint2_behind_water_1,
          sprint2_near_end_vault_1]

Skill      XL: |  1  2  3  4  5  6  7 |
---------------+----------------------+-----
Fighting       | 5 6 8 9 10 | 10.8
Maces & Flails | 3 4 6 8 10 | 10.5
Armour         | 5 6 8 9 10 | 10.6
Dodging        | 2 3 |  3.2
Shields        | |  3.2

Action                   |  1- 3 |  4- 6 |  7- 9 || total
-------------------------+-------+-------+-------++-------
Melee: Flail             |     2 |    27 |    29 ||    58
       Punch             |       |       |     1 ||     1
  Use: Potion            |     1 |       |     2 ||     3
Armor: Scale mail        |     1 |    16 |     7 ||    24
       Ring mail         |       |       |     4 ||     4
Dodge: Dodged            |       |     6 |     9 ||    15
